 Dungeon Crawl Stone Soup version 0.31-a0-424-g41b3b0883d (webtiles) character file.

Game seed: 6792892648294952921

153 Ethylacetat the Insei (level 5, 0/35 HPs)
             Began as an Octopode Shapeshifter on July 30, 2023.
             Slain by an orc wizard
             ... wielding a +0 dagger
              (4 damage)
             ... on level 3 of the Dungeon.
             The game lasted 00:03:06 (1769 turns).

Ethylacetat the Insei (Octopode Shapeshifter)       Turns: 1769, Time: 00:03:07

Health: 0/35       AC:  1    Str: 14    XL:     5   Next: 35%
Magic:  5/5        EV: 14    Int: 11    God:
Gold:   30         SH:  0    Dex: 14    Spells: 4/4 levels left

rFire   . .          .
                       - Unarmed
rCold   . . .        (no shield)
rNeg    . . .        (helmet currently unavailable)
rPois   .            c - amulet of regeneration
rElec   .            (no ring)
rCorr   .            (no ring)
SInv    .            (no ring)
Will    .....        (no ring)
Stlth   ++           (no ring)
HPRegen 1.05/turn    (no ring)
MPRegen 0.09/turn    (no ring)
                     (no ring)

%: no passive effects
@: confused, beast-form
A: beast (slay +2), almost no armour, amphibious, 8 rings, camouflage 1,
gelatinous body 1, (nimble swimmer 1), tentacles
a: Begin Untransformation


You were on level 3 of the Dungeon.
You were a hulking beast.
You visited 1 branch of the dungeon, and saw 3 of its levels.

You collected 86 gold pieces.
You spent 56 gold pieces at shops.

Inventory:

Jewellery
 c - an amulet of regeneration (around mantle)
 k - an amulet of magic regeneration
Talismans
 b - a beast talisman (active)
Scrolls
 d - 2 scrolls of identify {unknown}
 f - 4 scrolls of fear {unknown}
 g - a scroll of teleportation {unknown}
Potions
 a - a potion of lignification
 e - 2 potions of haste {unknown}
 h - 3 potions of curing {unknown}
 i - 2 potions of attraction
 j - 2 potions of mutation {unknown}


   Skills:
 + Level 2.5 Fighting
 + Level 3.2 Dodging
 + Level 3.8 Unarmed Combat
 + Level 3.6 Shapeshifting


You had 4 spell levels left.
You didn't know any spells.
Your spell library was empty.

Dungeon Overview and Level Annotations

Branches:
Dungeon (3/15)

Altars:
Okawaru

Shops:
D:2 !   D:3 !


Innate Abilities, Weirdness & Mutations

You are a hulking beast.
Your limbs bulge with bestial killing power. (Slay +2)
You cannot wear most types of armour.
You are amphibious.
You can wear up to eight rings at the same time.
Your skin changes colour to match your surroundings (Stealth+).
Your rubbery body absorbs attacks. (AC +1, EV +1)
((You are camouflaged when in or above water. (Stealth+)))
You have tentacles for arms and can constrict up to eight enemies at once.


Message History

The orc wizard hits you but does no damage.
Something hits you.
You bludgeon the orc wizard! You squeeze the orc wizard.
You kill the orc wizard!
You constrict something. The orc hits you with a +0 whip. Something hits you.
Something completely misses you. The orc hits you with a +0 short sword.
You tentacle-slap the orc. Your grab misses the orc.
The orc is lightly wounded.
You constrict something. The orc closely misses you. Something hits you.
You hear some strange, mumbled words.
You are confused.
The orc hits you with a +0 short sword.
You are too confused!
You are too confused!
You are too confused!
You release your grip on something.
The orc completely misses you. The orc barely misses you.
You see here 18 gold pieces.
You tentacle-slap the orc but do no damage.
The orc misses you. Something barely misses you. Something hits you.
The orc hits you with a +0 short sword.
You tentacle-slap something. The orc closely misses you.
The orc hits you with a +0 short sword.
You hear some strange, mumbled words.
A puff of flame appears from out of thin air!
The puff of flame hits you. Something hits you.
* * * LOW HITPOINT WARNING * * *
You barely miss the orc. Your squeeze misses the orc.
The orc barely misses you. Something hits you.
* * * LOW HITPOINT WARNING * * *
The orc barely misses you. Something hits you.
* * * LOW HITPOINT WARNING * * *
You closely miss something. Your squeeze misses something.
The orc barely misses you. Something hits you.
* * * LOW HITPOINT WARNING * * *
Something hits you.
* * * LOW HITPOINT WARNING * * *
The orc misses you.
You're too confused to move!
The orc barely misses you. Something hits you.
You die...

........# ######'##
... ...#...# ...
##.#.### ######..
##.#...# #.....#
...###.# #.....# .###
#.########.....##
...###.#......'..{...#
####......#####.h{...#
#......#####.oo)..#
#..........#......#
####..........######.#
..##..........# ...
..######...)..# #.#
..# #.........# .#
..###...).##### #
#...#....>#


You could see 2 orcs.

Vanquished Creatures
  An orc priest (D:3)
  An orc wizard (D:3)
  A gnoll (D:2)
  4 adders (D:2)
  2 worms
  2 dart slugs
  4 orcs (D:3)
  4 ball pythons
  3 endoplasms (D:1)
  4 giant cockroaches
  4 goblins
  A jackal (D:2)
  A quokka (D:2)
  4 bats (D:2)
  2 frilled lizards
  5 kobolds
  A rat (D:1)
44 creatures vanquished.

Notes
Turn   | Place    | Note
-------+----------+-------------------------------------------
     0 | D:1      | Ethylacetat the Octopode Shapeshifter began the quest for
                  | the Orb.
     0 | D:1      | Reached XP level 1. HP: 13/13 MP: 1/1
    84 | D:1      | Reached XP level 2. HP: 15/18 MP: 2/2
   939 | D:2      | Found an iron altar of Okawaru.
   973 | D:2      | Reached XP level 3. HP: 22/24 MP: 3/3
  1031 | D:2      | Found Celi's Distillery.
  1056 | D:2      | Bought a potion of attraction for 42 gold pieces
  1056 | D:2      | Bought a potion of degeneration for 14 gold pieces
  1218 | D:2      | Reached XP level 4. HP: 29/29 MP: 4/4
  1620 | D:3      | Found Dahui's Distillery.
  1678 | D:3      | Reached XP level 5. HP: 12/35 MP: 5/5
  1769 | D:3      | Slain by an orc wizard

Illustrated notes

Levels and vault maps discovered:
D:1:      dpeg_arrival_pits, layout_loops_corners
D:2:      layout_loops_ring, serial_shops, shop, basic_altar,
          minmay_increasing_density
D:3:      layout_basic, serial_shops, nicolae_shop_statue_plus,
          chequers_serial_rivers_micro_e, kennysheep_generic_room_3

Skill      XL: |  1  2  3  4 |
---------------+-------------+-----
Fighting       | 2 |  2.5
Dodging        | 3 |  3.2
Unarmed Combat | |  3.8
Shapeshifting  | |  3.6

Action                     |  1- 3 |  4- 6 || total
---------------------------+-------+-------++-------
  Melee: Unarmed           |    57 |    39 ||    96
         Constrict         |    15 |    13 ||    28
         Tentacles         |     6 |     8 ||    14
         Punch             |     2 |     1 ||     3
   Stab: Sleeping          |    12 |     3 ||    15
 Armour: Skin              |     3 |     2 ||     5
  Dodge: Dodged            |    28 |    25 ||    53

Table legend: (Time is in decaauts)
 A = Elapsed time spent in this place.
 B = Non-inter-level travel time spent in this place.
 C = Inter-level travel time spent in this place.
 D = Time resting spent in this place.
 E = Time spent auto-exploring this place.
 F = Levels seen in this place.
 G = Mean time per level.
                   A        B        C        D        E       F      G
               +--------+--------+--------+--------+--------+-----+--------+
         Total |   1762 |   1714 |     48 |      0 |   1440 |   3 |  587.3 |
       Dungeon |   1762 |   1714 |     48 |      0 |   1440 |   3 |  587.3 |
               +--------+--------+--------+--------+--------+-----+--------+

Top non-repeatable levels by time:
     D:1: 935 daAuts
     D:2: 680 daAuts
     D:3: 147 daAuts
